AoeStats
← capt. Bear

Socotra

505254800Analyzed
4v4 RM · 25d ago on Sep 8, 2026· 16m 48s· 8 players
Game mode
Random Map
Map size
148×148
Population
200
Speed
Normal
Resources
Standard
Victory
Conquest
Starting age
Dark Age
Ending age
Imperial Age
RankedLock teamsTeams togetherTeam positionsShared explorationLock speedFull tech treeHidden civsTurbo modeCheats
Victory
Defeat
🇦🇷 Teutons · Argentina
1591
+16
🇹🇼 Mongols · Taiwan
1544
+18
🇺🇸 Portuguese · United States
1542
+18
🇺🇸 Cumans · United States
1508
+20
🇨🇳 Spanish · China
1643
-20
🇺🇸 Magyars · United States
1620
-19
🇹🇼 Poles · Taiwan
1598
-18
🇮🇳 Persians · India
1519
-15
boo
0:59 Loom
9:35 Feudal Age
10:03 Double-Bit Axe
11:17 Horse Collar
15:22 Arson
Silence
14:37 Loom
16:54 Feudal Age
capt. Bear
8:21 Feudal Age
8:51 Loom
12:32 Fletching
G5
2:26 Loom
9:23 Feudal Age
10:14 Town Watch
16:58 Fletching
|TheCore| d@ pOPE!!!
6:49 Loom
8:36 Feudal Age
6:54 Loom
9:29 Double-Bit Axe
10:00 Horse Collar
15:05 Scale Barding Armor
Bz_青红
6:21 Loom
8:37 Feudal Age
9:24 Double-Bit Axe
14:32 Horse Collar
15:33 Fletching
15:43 Padded Archer Armor
vidsag
1:00 Loom
Guilter
5:27 Loom
9:38 Feudal Age
10:08 Double-Bit Axe
Connection lost

Rejoining the realm…

Still unreachable

The connection could not be restored.

Session expired

The server has moved on; the page needs a fresh start.